 Dungeon Crawl Stone Soup version 0.29-a0-845-g6161e89988 (webtiles) character file.

Game seed: 10861896401608306187

38 IdlyInterested the Trooper (level 3, -7/29 HPs)
             Began as a Demonspawn Fighter on July 15, 2022.
             Mangled by Terence
             ... wielding a +0 mace
              (9 damage)
             ... on level 2 of the Dungeon.
             The game lasted 00:03:28 (1041 turns).

IdlyInterested the Trooper (Demonspawn Fighter)     Turns: 1041, Time: 00:03:29

Health: -7/29      AC:  6    Str: 14 (16) XL:     3   Next: 25%
Magic:  3/3        EV:  9    Int:  6 (9)  God:
Gold:   78         SH:  4    Dex: 12 (14) Spells: 2/2 levels left

rFire   . . .      SeeInvis .   a - +0 flail
rCold   + . .      Faith    .   c - +0 buckler
rNeg    . . .      Spirit   .   b - +0 scale mail
rPois   .          Reflect  .   (no helmet)
rElec   .          Harm     .   (no cloak)
rCorr   .          Rampage  .   (no gloves)
Will    .....                   (no boots)
Stlth   ..........              (no amulet)
HPRegen 0.09/turn               i - ring of protection from cold
MPRegen 0.08/turn               (no ring)

@: no status effects
A: hooves 1
a: no special abilities


You were on level 2 of the Dungeon.
You visited 1 branch of the dungeon, and saw 2 of its levels.

You collected 78 gold pieces.

Inventory:

Hand Weapons
 a - a +0 flail (weapon)
Armour
 b - a +0 scale mail (worn)
 c - a +0 buckler (worn)
Jewellery
 i - a ring of protection from cold (left hand)
Scrolls
 g - 2 scrolls of teleportation
 j - 3 scrolls of fog
Potions
 d - a potion of might


   Skills:
 - Level 3.0 Fighting
 * Level 2.6 Maces & Flails
 + Level 0.0 Throwing
 - Level 3.0 Armour
 - Level 1.0 Dodging
 - Level 1.0 Stealth
 + Level 2.7 Shields


You had 2 spell levels left.
You didn't know any spells.
Your spell library was empty.

Dungeon Overview and Level Annotations

Branches:
Dungeon (2/15)

Altars:

Annotations:
D:2 Terence


Innate Abilities, Weirdness & Mutations

You have large cloven feet.


Message History

Your Armour skill increases to level 3!
Your Stealth skill increases to level 1!
You have reached level 3!
Your experience leads to an increase in your attributes!
Increase (S)trength, (I)ntelligence, or (D)exterity?
You feel agile. x2
You closely miss the kobold. You kick the kobold, but do no damage.
The kobold hits you with a +4 short sword.
You hit the kobold.
You kill the kobold!
Things that are here:
a +4 short sword; a kobold corpse HP restored.
Terence and a frilled lizard come into view.
Terence is wielding a +0 mace and carrying a wand of flame (16).
Found 3 poisoned darts.
Terence shouts!
The frilled lizard hisses angrily.
You hear an angry hiss.
Terence zaps a wand.
You block the puff of flame.
An adder comes into view.
The adder hisses angrily.
Found a plate armour.
Terence barely misses you.
You barely miss Terence. Terence barely misses you.
Terence hits you with a +0 mace.
You barely miss Terence. Terence hits you with a +0 mace.
You hit Terence. Your kick misses Terence.
Terence is moderately wounded.
Terence hits you with a +0 mace.
You completely miss Terence.
Terence is moderately wounded.
Terence hits you with a +0 mace.
You hit Terence but do no damage. You kick Terence, but do no damage.
Terence is moderately wounded.
Terence hits you with a +0 mace.
Terence zaps a wand.
The puff of flame hits you!
* * * LOW HITPOINT WARNING * * *
It was a potion of degeneration.
There was something very wrong with that liquid.
You feel weakened.
You feel dopey.
You feel clumsy. Terence hits you with a +0 mace!
You die...

,,,,**##...§§+,,,,,,.,,,*,*,* *,
,**,*,....§§§####....,,,,,*,* *,
,**,*,*,,...#§§§.....,,,,,*,* *,
,+,,,,.......§§§....#**,*,*,****,
,**,*,...#§...#§.#..#,,,*,*,*,,,,
,**,#.,..#.§..####,,#,,,,,*,*,***
,,,,#.,#.#..#..,,,,,*###***,*,*
,**##.##.#..#.#####(....,,*,*,***
,,,,............@@lS...[,,,,,,,,,
*,###..#.#......########*,*,*,*,,
*,#....#.#......########*,*,*,,,*
*,#....#.#..............,,,,*,,,,
*,#..............######**,,,,,,,,
*,##..<#...#.#........# *,***,,,*
*,*#...#...<.#.#.####.# *,* *,,,,
*......#.....#.#..# #.# *,* *****
######.##.#....#..###.# *,*


You could see Terence, an adder and a frilled lizard.

Vanquished Creatures
  An adder (D:2)
  3 bats
  5 endoplasms (D:1)
  6 goblins (D:1)
  2 hobgoblins (D:1)
  3 kobolds
  2 ball pythons
  2 frilled lizards
  A rat (D:1)
25 creatures vanquished.

Notes
Turn   | Place    | Note
-------+----------+-------------------------------------------
     0 | D:1      | IdlyInterested the Demonspawn Fighter began the quest for
                  | the Orb.
     0 | D:1      | Reached XP level 1. HP: 18/18 MP: 1/1
    33 | D:1      | Found a faded altar of an unknown god.
   199 | D:1      | Gained mutation: You have large cloven feet. [demonic
                  | ancestry]
   199 | D:1      | Reached XP level 2. HP: 8/24 MP: 2/2
   506 | D:1      | Reached skill level 1 in Dodging
   982 | D:2      | Reached skill level 1 in Stealth
   982 | D:2      | Reached XP level 3. HP: 29/29 MP: 3/3
  1030 | D:2      | Noticed Terence
  1041 | D:2      | Mangled by Terence

Illustrated notes

Levels and vault maps discovered:
D:1:      lemuel_arrival_river_bridge, layout_rooms,
          ebering_ecumenical_altar_rust, nicolae_hexahallways
D:2:      layout_basic, serial_shops, nicolae_lakefront_shop, uniq_terence

Skill      XL: |  1  2 |
---------------+-------+-----
Maces & Flails | 2 |  2.6
Dodging        | 1 |  1.0
Armour         | 3 |  3.0
Stealth        | 1 |  1.0
Fighting       | |  3.0
Shields        | |  2.7

Action                   || total
-------------------------++-------
Melee: Flail             ||    62
       Kick              ||     7
  Use: Scroll            ||     4
       Potion            ||     1
Armor: Scale mail        ||    19
Dodge: Dodged            ||    32
Block: Buckler           ||    15

Table legend: (Time is in decaauts)
 A = Elapsed time spent in this place.
 B = Non-inter-level travel time spent in this place.
 C = Inter-level travel time spent in this place.
 D = Time resting spent in this place.
 E = Time spent auto-exploring this place.
 F = Levels seen in this place.
 G = Mean time per level.
                   A        B        C        D        E       F      G
               +--------+--------+--------+--------+--------+-----+--------+
         Total |   1063 |   1026 |     37 |    194 |    609 |   2 |  531.5 |
       Dungeon |   1063 |   1026 |     37 |    194 |    609 |   2 |  531.5 |
               +--------+--------+--------+--------+--------+-----+--------+

Top non-repeatable levels by time:
     D:1: 947 daAuts
     D:2: 115 daAuts
